 Dungeon Crawl Stone Soup version 0.22-a0-252-gcace5d2 (webtiles) character file.

161 mhoghedin the Magician (level 5, -1/29 HPs)
             Began as a Deep Elf Wizard on Mar 2, 2018.
             Slain by an orc
             ... wielding a +0 hand axe
              (7 damage)
             ... on level 3 of the Dungeon.
             The game lasted 00:07:08 (3009 turns).

mhoghedin the Magician (Deep Elf Wizard)            Turns: 3009, Time: 00:07:09

Health: -1/29      AC:  3    Str:  4    XL:     5   Next: 19%
Magic:  7/14       EV: 14    Int: 24    God:
Gold:   204        SH:  0    Dex: 13    Spells: 1/14 levels left

rFire    . . .     SeeInvis .   g - +1 dagger (drain)
rCold    . . .     Gourm    .   (no shield)
rNeg     . . .     Faith    .   a - +0 robe
rPois    +         Spirit   .   c - +0 helmet
rElec    .         Reflect  .   (no cloak)
rCorr    .         Harm     .   (no gloves)
MR       .....                  (no boots)
Stlth    ++........             (no amulet)
HPRegen  0.09/turn              o - ring of poison resistance {rPois, !d}
MPRegen  0.14/turn              (no ring)

@: very slightly contaminated
A: no striking features
a: no special abilities


You were on level 3 of the Dungeon.
You were not hungry.

You visited 1 branch of the dungeon, and saw 3 of its levels.

You collected 204 gold pieces.

Inventory:

Hand Weapons
 g - a +1 dagger of draining (weapon)
   (You took it off a kobold on level 1 of the Dungeon)
Armour
 a - a +0 robe (worn)
 b - a +0 hat
 c - a +0 helmet (worn)
   (You found it on level 1 of the Dungeon)
 l - a +0 buckler
   (You found it on level 3 of the Dungeon)
Jewellery
 o - a ring of poison resistance (left hand) {rPois, !d}
   (You found it on level 3 of the Dungeon)
Scrolls
 e - 2 scrolls of immolation {!r}
 i - a scroll of fog
 j - 2 scrolls of remove curse
 k - a scroll of teleportation
 n - a scroll of amnesia
 r - a scroll of blinking {!r}
Potions
 h - a potion of berserk rage {!q}
 m - a potion of brilliance
 p - a potion of cancellation {unknown}
 q - a potion of magic {unknown}
Comestibles
 d - 4 rations
 f - 2 chunks of flesh {@w0}


   Skills:
 + Level 1.0 Fighting
 - Level 1.7 Short Blades
 + Level 4.0 Dodging
 - Level 2.4 Stealth
 + Level 1.0 Shields
 - Level 5.2 Spellcasting
 - Level 2.3 Conjurations
 - Level 1.1 Summonings
 - Level 1.1 Translocations


You had one spell level left.
You knew the following spells:

 Your Spells              Type           Power        Failure   Level  Hunger
a - Magic Dart            Conj           ###.         3%          1    None
b - Blink                 Tloc           N/A          9%          2    None
c - Call Imp              Summ           ##......     9%          2    None
d - Conjure Flame         Conj/Fire      ##......     16%         3    ##.....
s - Slow                  Hex            #.......     13%         2    None
x - Mephitic Cloud        Conj/Pois/Air  #.......     19%         3    ##.....


Dungeon Overview and Level Annotations

Branches:
Dungeon (3/15)

Altars:
Nemelex Xobeh
Zin

Shops:
D:3 *

Annotations:
D:3 2 transporters


Message History

The orc completely misses you.
You take 1 damage, and have 24/29 hp.
You barely miss the bat. The bat hits you but does no damage.
The bat hits your shadow imp but does no damage.
Your shadow imp barely misses the bat.
The bat misses you. The orc hits you.
You take 2 damage, and have 22/29 hp.
You hit the bat but do no damage. The bat hits you but does no damage.
The orc hits you.
You take 3 damage, and have 19/29 hp.
You hit the orc.
Your shadow imp hits the bat.
The orc misses you.
You barely miss the bat. The bat barely misses you. The bat closely misses you.
Your shadow imp closely misses the bat.
The bat misses you.
You hit the bat.
You kill the bat!
The orc closely misses you.
You barely miss the orc. The orc barely misses you.
Your shadow imp hits the orc but does no damage.
You closely miss the orc. The orc misses you.
Your shadow imp hits the orc.
The orc dies!
No target in view!
No target in view!
No target in view!
No target in view!
No target in view!
No target in view!
No target in view!
No target in view!
No target in view!
No target in view!
You swap places.
Things that are here:
a leather armour; an orc corpse You butcher the orc corpse.
f - 2 chunks of flesh {@w0} You see here a leather armour.
q - a black potion;
r - a scroll of blinking {!r} You now have 199 gold pieces (gained 18).
Things that are here:
a club; a hobgoblin corpse You swap places.
Found Zin's Purification Station.
d - 3 rations (gained 1)
Found an escape hatch in the floor.
You see here 21 sling bullets.
Your magical contamination has completely faded away.
Found a glowing silver altar of Zin.
Your shadow imp disappears in a puff of smoke!
There is an entrance to Zin's Purification Station here.
Unknown command.
Found a stone staircase leading down.
You now have 204 gold pieces (gained 5).
There is an escape hatch in the floor here.
d - 4 rations (gained 1)
e - 2 scrolls of immolation {!r} (gained 1)
There is a transporter here.
There is a transporter here.
There is a stone staircase leading up here.
You see here a ring mail.
An orc comes into view. It is wielding a hand axe.
An orc is nearby!
An orc is nearby!
Unknown command.
Health restored: 29; MP restored: 14 The orc barely misses you.
You see here a hand axe.
You closely miss the orc. The orc hits you but does no damage.
You hit the orc but do no damage. The orc closely misses you.
You hit the orc but do no damage. You drain the orc!
The orc hits you with a hand axe.
You take 3 damage, and have 26/29 hp.
You hit the orc but do no damage. The orc barely misses you.
You hit the orc but do no damage. You closely miss the orc.
The orc hits you with a hand axe.
You take 2 damage, and have 24/29 hp.
You hit the orc. The orc closely misses you.
An orc is nearby!
An orc is nearby!
You hit the orc. The orc barely misses you.
You closely miss the orc. The orc hits you with a hand axe!
You take 7 damage, and have 17/29 hp.
MASSIVE DAMAGE!!
You hit the orc but do no damage. You hit the orc but do no damage.
The orc barely misses you.
You closely miss the orc. The orc hits you with a hand axe.
You take 5 damage, and have 12/29 hp.
You closely miss the orc. The orc hits you with a hand axe.
You take 3 damage, and have 9/29 hp.
Aim: an orc, wielding a hand axe and wearing a leather armour (heavily wounded, heavily drained)
The magic dart hits the orc.
The orc hits you with a hand axe.
* * * LOW HITPOINT WARNING * * *
You take 3 damage, and have 6/29 hp.
You now have 13/14 mp.
Aim: an orc, wielding a hand axe and wearing a leather armour (severely wounded, heavily drained)
You miscast Mephitic Cloud.
You are very lightly contaminated with residual magic.
Strange energies run through your body. The orc barely misses you.
You now have 10/14 mp.
Aim: an orc, wielding a hand axe and wearing a leather armour (heavily wounded, heavily drained)
You miscast Mephitic Cloud.
The wind howls around you! The orc hits you with a hand axe!
You die...

.....####.........#
.#.#(####.........#
........##........#
...#..#..#........#
...##.............#
...##....#........####
...##................######
......[...........##.##...#
..<.#...........@###......#
..###....##.....o#####....#
.####....###.....##....>..#
###..#..##..........###...#
# #..##.#..#.....#### #...#
###.......##.รท...# #...#
.................# #...##
..........####)#..#####....#
..........###.........#....#


You could see an orc.

Vanquished Creatures
  A jelly (D:3)
  2 adders
  2 oozes
  A worm (D:2)
  3 dart slugs
  A leopard gecko (D:3)
  8 bats
  3 giant cockroaches (D:2)
  11 goblins
  7 hobgoblins
  8 kobolds
  A quokka (D:3)
  A ball python (D:2)
  3 frilled lizards
  6 rats
58 creatures vanquished.

Vanquished Creatures (collateral kills)
  Robin (D:2)
  2 adders
  3 worms
  An orc (D:3)
  A bat (D:2)
  10 goblins (D:2)
  3 hobgoblins
21 creatures vanquished.

Grand Total: 79 creatures vanquished

Notes
Turn   | Place    | Note
-------+----------+-------------------------------------------
     0 | D:1      | mhoghedin the Deep Elf Wizard began the quest for the Orb.
     0 | D:1      | Reached XP level 1. HP: 10/10 MP: 7/7
   192 | D:1      | Reached skill level 2 in Conjurations
   192 | D:1      | Reached XP level 2. HP: 15/15 MP: 0/9
   298 | D:1      | Learned a level 2 spell: Blink
   301 | D:1      | Learned a level 2 spell: Call Imp
   304 | D:1      | Learned a level 2 spell: Slow
   482 | D:1      | Reached skill level 5 in Spellcasting
   904 | D:2      | HP: 3/15 [poisoned by an adder]
   906 | D:2      | Reached XP level 3. HP: 4/19 MP: 5/11
   911 | D:2      | HP: 3/19 [poisoned by an adder]
   919 | D:2      | HP: 1/19 [poisoned by an adder]
  1521 | D:2      | Found a sparkling altar of Nemelex Xobeh.
  1631 | D:2      | Reached skill level 1 in Short Blades
  1673 | D:2      | Noticed Robin
  1706 | D:2      | Reached skill level 3 in Dodging
  1724 | D:2      | Killed Robin
  1754 | D:2      | Learned a level 3 spell: Conjure Flame
  1916 | D:2      | Reached XP level 4. HP: 24/24 MP: 13/13
  2144 | D:3      | Learned a level 3 spell: Mephitic Cloud
  2605 | D:3      | Reached skill level 4 in Dodging
  2605 | D:3      | Reached XP level 5. HP: 17/28 MP: 12/14
  2774 | D:3      | Found a transporter.
  2776 | D:3      | Reached skill level 1 in Fighting
  2798 | D:3      | Reached skill level 1 in Shields
  2876 | D:3      | Found Zin's Purification Station.
  2883 | D:3      | Found a glowing silver altar of Zin.
  2942 | D:3      | Found a transporter.
  3007 | D:3      | HP: 6/29 [orc/hand axe (3)]
  3009 | D:3      | Slain by an orc

Vault maps used:
D:1:      dpeg_arrival_pits
D:2:      nemelex_xobeh_ov_fountains_minmay, first_ration, uniq_robin
D:3:      gammafunk_steamed_eel, zin_purify, minmay_goblin_outpost

Skill      XL: |  1  2  3  4  5 |
---------------+----------------+-----
Conjurations   | 2 |  2.3
Spellcasting   | 5 |  5.2
Short Blades   | 1 |  1.7
Dodging        | 3 4 |  4.0
Fighting       | 1 |  1.0
Shields        | 1 |  1.0
Stealth        | |  2.4
Summonings     | |  1.1
Translocations | |  1.1

Action                   |  1- 3 |  4- 6 || total
-------------------------+-------+-------++-------
Melee: Unarmed           |     1 |       ||     1
       Dagger            |    75 |    69 ||   144
 Cast: Magic Dart        |    27 |    25 ||    52
       Call Imp          |    11 |     8 ||    19
       Mephitic Cloud    |       |     2 ||     2
  Use: Scroll            |     3 |     7 ||    10
 Stab: Sleeping          |     2 |     5 ||     7
  Eat: Ration            |     1 |     1 ||     2
Armor: Robe              |    17 |    10 ||    27
Dodge: Dodged            |    59 |    40 ||    99

Table legend:
 A = Spawn XP
 B = Non-spawn XP
 C = Spawn XP percentage of total XP
 D = Spawn monster count
 E = Non-spawn monster count
 F = Spawn count percentage of total count
 G = Total turns spent on level
                    A         B        C        D         E        F      G
               +---------+---------+-------+---------+---------+-------+---------
         Total |       0 |     231 |   0.0 |       0 |      79 |   0.0 |  3009
               +---------+---------+-------+---------+---------+-------+---------
           D:1 |       0 |      36 |   0.0 |       0 |      17 |   0.0 |   848
           D:2 |       0 |      79 |   0.0 |       0 |      37 |   0.0 |  1240
           D:3 |       0 |     116 |   0.0 |       0 |      25 |   0.0 |   921
               +---------+---------+-------+---------+---------+-------+---------

Vault maps used:
D:1:      dpeg_arrival_pits
D:2:      nemelex_xobeh_ov_fountains_minmay, first_ration, uniq_robin
D:3:      gammafunk_steamed_eel, zin_purify, minmay_goblin_outpost

Table legend:
 A = Turns spent in this place as a percentage of turns spent in the entire game.
 B = Non-inter-level travel turns spent in this place as a percentage of non-inter-level travel turns spent in the entire game.
 C = Inter-level travel turns spent in this place as a percentage of turns spent in this place.
 D = Turns resting spent in this place as a percentage of non-inter-level travel turns spent in this place.
 E = Turns spent auto-exploring this place as a percentage of non-inter-level travel turns spent in this place.
 F = Non-inter-level travel turns spent in this place divided by the number of levels of this place that you've seen.
                   A       B       C       D       E      F
               +-------+-------+-------+-------+-------+----------------------
         Total | 100.0 | 100.0 |   1.5 |  44.0 |  31.8 | 988.3
       Dungeon | 100.0 | 100.0 |   1.5 |  44.0 |  31.8 | 988.3
               +-------+-------+-------+-------+-------+----------------------

Table legend:
 A = Kills in this place as a percentage of kills in entire the game.
 B = Kills by you in this place as a percentage of kills by you in the entire game.
 C = Kills by friends in this place as a percentage of kills by friends in the entire game.
 D = Other kills in this place as a percentage of other kills in the entire game.
 E = Experience gained in this place as a percentage of experience gained in the entire game.
 F = Experience gained in this place divided by the number of levels of this place that you have seen.
                   A       B       C       D       E      F
               +-------+-------+-------+-------+-------+----------------------
         Total | 100.0 | 100.0 | 100.0 |   N/A | 100.0 |  77.0
       Dungeon | 100.0 | 100.0 | 100.0 |   N/A | 100.0 |  77.0
               +-------+-------+-------+-------+-------+----------------------
